 Dungeon Crawl Stone Soup version 0.30-a0-939-gc8157cb160 (webtiles) character file.

Game seed: 8198880413931487549

366 pokeman the Magician (level 6, 0/51 HPs)
             Began as a Deep Elf Hedge Wizard on Mar 25, 2023.
             Succumbed to Ijyb's poison
             ... on level 3 of the Dungeon.
             The game lasted 00:06:27 (4232 turns).

pokeman the Magician (Deep Elf Hedge Wizard)        Turns: 4232, Time: 00:06:27

Health: 0/51       AC:  3    Str:  7    XL:     6   Next: 40%
Magic:  9/18       EV: 13    Int: 21    God:
Gold:   227        SH:  0    Dex: 14    Spells: 11/19 levels left

rFire   . . .      SeeInvis .    w - +0 dagger (venom)
rCold   . . .      Faith    .    (no shield)
rNeg    . . .      Spirit   .    b - +0 robe
rPois   .          Reflect  .    c - +0 hat
rElec   .          Rampage  .    r - +0 cloak
rCorr   .                        (no gloves)
Will    +....                    (no boots) Stlth
                                 (no amulet)
HPRegen 0.28/turn                k - ring of willpower
MPRegen 0.16/turn                o - ring of wizardry

@: berserking, lethally poisoned (0 -> -8), very quick
A: no striking features
a: no special abilities


You were on level 3 of the Dungeon.
You visited 1 branch of the dungeon, and saw 3 of its levels.
You also visited: Sewer.

You collected 227 gold pieces.

Inventory:

Hand Weapons
 q - a +3 quarterstaff of chaos
 w - a +0 dagger of venom (weapon)
Armour
 b - a +0 robe (worn)
 c - a +0 hat (worn)
 r - a +0 cloak (worn)
Jewellery
 a - a +6 ring of dexterity
 j - a +6 ring of strength
 k - a ring of willpower (left hand)
 o - a ring of wizardry (right hand)
Wands
 y - a wand of polymorph (9)
Scrolls
 e - a scroll of poison {unknown}
 g - 3 scrolls of blinking
 h - 5 scrolls of identify {unknown}
 i - a scroll of teleportation {unknown}
 n - a scroll of immolation {unknown}
 s - a scroll of vulnerability {unknown}
 t - a scroll of enchant weapon {unknown}
 u - a scroll of acquirement {unknown}
 v - a scroll of fear {unknown}
Potions
 d - a potion of magic
 m - a potion of curing {unknown}
 p - a potion of degeneration {unknown}
 x - a potion of brilliance {unknown}


   Skills:
 - Level 1.5 Fighting
 - Level 1.4 Armour
 - Level 3.0 Dodging
 - Level 3.1 Stealth
 * Level 7.0 Spellcasting
 + Level 3.2 Conjurations
 - Level 1.1 Summonings
 - Level 1.1 Translocations
 + Level 0.6 Air Magic
 + Level 0.7 Poison Magic


You had 11 spell levels left.
You knew the following spells:

 Your Spells              Type           Power      Damage    Failure   Level
a - Magic Dart            Conj           84%        1d7       1%          1
b - Mephitic Cloud        Conj/Pois/Air  13%        N/A       6%          3
c - Call Imp              Summ           12%        N/A       3%          2
d - Blink                 Tloc           24%        N/A       3%          2

Your spell library contained the following spells:

 Spells                   Type           Power      Damage    Failure   Level
 Momentum Strike          Conj/Tloc      32%        3d8       2%          2
 Slow                     Hex            28%        N/A       3%          1
 Lesser Beckoning         Tloc           24%        N/A       3%          2
 Cigotuvi's Dreadful Rot  Necr/Pois/Air  18%        N/A       4%          2


Dungeon Overview and Level Annotations

Branches:
Dungeon (3/15)              Sewer (visited)

Altars:

Shops:
D:3 [

Annotations:
D:3 Ijyb


Message History

The adder is engulfed in noxious fumes.
The adder appears confused.
Ijyb is engulfed in noxious fumes.
Ijyb appears confused.
Ijyb clutches her head and gibbers rapidly, swaying.
Unknown command.
Unknown command.
You're too confused to move!
You are engulfed in noxious fumes.
You choke on the stench!
You are more confused.
You feel very sick.
Ijyb is engulfed in noxious fumes.
Ijyb appears confused.
Ijyb screams, "No nasty magic on me!"
Ijyb hits you with a +1 dagger of venom.
You are more poisoned.
* * * LOW HITPOINT WARNING * * *
You feel very sick.
Ijyb is engulfed in noxious fumes.
Ijyb appears confused.
Unknown command.
* * * LOW HITPOINT WARNING * * *
You feel very sick.
Ijyb is engulfed in noxious fumes.
It was a potion of berserk rage.
A red film seems to cover your vision as you go berserk!
You feel yourself moving faster!
You feel mighty!
You feel less confused.
You feel stable enough to blink again.
* * * LOW HITPOINT WARNING * * *
You feel very sick.
The adder bites Ijyb but does no damage.
The adder bites itself.
Ijyb closely misses you.
You are too berserk!
Unknown command.
Unknown command.
Unknown command.
You hit Ijyb.
Ijyb is severely wounded.
* * * LOW HITPOINT WARNING * * *
You feel sick. Ijyb screams, "Me give you whole level! Then you leave me be!"
Unknown command.
You hit Ijyb but do no damage.
Ijyb is severely wounded.
You die...

.. .. . .. #. .## #. ..# #..
#..##### ### #..###...... ##.##
#....#S.# )# # ....## #####
#.@...##.# ### .....###...#
#.g......# ##..
...........##.........## #####.##
.....###...########...##.##......
#...#####.### #......##.##.#.
##.#...)....# #...#####.###..
####.####.#.#### #...# #.# ##.
...............# #...# #.####.
.....##......#.####...#####.#....


You could see Ijyb (confused, poisoned) and an adder (confused).

Vanquished Creatures
  2 bullfrogs (Sewer)
  Crazy Yiuf (D:2)
  A hound (D:3)
  Jessica (D:3)
  Natasha (D:3)
  2 adders
  2 worms (D:3)
  5 dart slugs
  2 orcs (D:3)
  9 endoplasms
  14 giant cockroaches
  5 hobgoblins
  9 quokkas
  11 ball pythons
  A bat (D:2)
  9 frilled lizards
  2 kobolds
  12 rats
89 creatures vanquished.

Vanquished Creatures (others)
  A fungus (D:2)
1 creature vanquished.

Grand Total: 90 creatures vanquished

Notes
Turn   | Place    | Note
-------+----------+-------------------------------------------
     0 | D:1      | pokeman the Deep Elf Hedge Wizard began the quest for the
                  | Orb.
     0 | D:1      | Reached XP level 1. HP: 10/10 MP: 7/7
    39 | D:1      | You fall into a shaft and drop 1 floor!
   387 | D:2      | Reached XP level 2. HP: 11/16 MP: 2/9
  1625 | D:2      | Reached skill level 5 in Spellcasting
  1788 | D:2      | Reached XP level 3. HP: 20/20 MP: 9/11
  1792 | D:2      | Learned a level 3 spell: Mephitic Cloud
  1795 | D:2      | Learned a level 2 spell: Call Imp
  1798 | D:2      | Learned a level 2 spell: Blink
  2298 | D:2      | Found a runed translucent door.
  2299 | D:2      | Noticed Crazy Yiuf
  2312 | D:2      | Killed Crazy Yiuf
  2313 | D:2      | Reached skill level 1 in Fighting
  2313 | D:2      | Reached skill level 1 in Armour
  2464 | D:3      | Reached XP level 4. HP: 19/25 MP: 8/13
  2536 | D:3      | Found Eseprusk's Armour Boutique.
  2628 | D:3      | Found a glowing drain.
  2695 | Sewer    | Entered a sewer
  3455 | Sewer    | Reached skill level 6 in Spellcasting
  3455 | Sewer    | Reached XP level 5. HP: 29/29 MP: 6/15
  3648 | Sewer    | Reached XP level 6. HP: 10/34 MP: 4/17
  3986 | D:3      | Noticed Jessica
  3997 | D:3      | Killed Jessica
  4008 | D:3      | Noticed Natasha
  4026 | D:3      | Killed Natasha
  4027 | D:3      | Reached skill level 7 in Spellcasting
  4213 | D:3      | Noticed Ijyb
  4230 | D:3      | HP: 2/51 [poisoned by Ijyb]
  4232 | D:3      | Succumbed to Ijyb's poison

Illustrated notes

Levels and vault maps discovered:
D:1:      minmay_arrival_stair_chambers, layout_loops_ring,
          grunt_decor_mini_mirrors
D:2:      layout_basic, minmay_hedge_maze, minmay_quantized,
          uniq_crazy_yiuf_cottage
D:3:      layout_loops_cross, portal_sewer_entry_c, serial_shops,
          shop_fountains, uniq_ijyb, uniq_natasha, uniq_jessica

Skill      XL: |  1  2  3  4  5  6 |
---------------+-------------------+-----
Spellcasting   | 5 6 7 |  7.0
Fighting       | 1 |  1.5
Armour         | 1 |  1.4
Conjurations   | 2 3 |  3.2
Dodging        | 3 |  3.0
Stealth        | 3 |  3.1
Summonings     | |  1.1
Translocations | |  1.1
Air Magic      | |  0.6
Poison Magic   | |  0.7

Action                     |  1- 3 |  4- 6 || total
---------------------------+-------+-------++-------
  Melee: Dagger            |    15 |    12 ||    27
         Quarterstaff      |     3 |    20 ||    23
   Cast: Magic Dart        |    74 |   128 ||   202
         Call Imp          |     2 |       ||     2
         Mephitic Cloud    |     1 |     7 ||     8
         Blink             |     1 |     1 ||     2
    Use: Potion            |       |     2 ||     2
   Stab: Sleeping          |     1 |     1 ||     2
 Armour: Robe              |     4 |     7 ||    11
  Dodge: Dodged            |    11 |    40 ||    51

Table legend: (Time is in decaauts)
 A = Elapsed time spent in this place.
 B = Non-inter-level travel time spent in this place.
 C = Inter-level travel time spent in this place.
 D = Time resting spent in this place.
 E = Time spent auto-exploring this place.
 F = Levels seen in this place.
 G = Mean time per level.
                   A        B        C        D        E       F      G
               +--------+--------+--------+--------+--------+-----+--------+
         Total |   4303 |   4235 |     68 |     49 |   3551 |   4 | 1075.8 |
       Dungeon |   3163 |   3095 |     68 |     49 |   2589 |   3 | 1054.3 |
         Sewer |   1140 |   1140 |      0 |      0 |    961 |   1 | 1140.0 |
               +--------+--------+--------+--------+--------+-----+--------+

Top non-repeatable levels by time:
     D:2: 1570 daAuts
   Sewer: 1140 daAuts
     D:1: 876 daAuts
     D:3: 716 daAuts
